 Dungeon Crawl Stone Soup version 0.31-a0-963-ga325b22 (webtiles) character file.

Game seed: 5480176343039977089

70 aurelian the Ruffian (level 4, -5/36 HPs)
             Began as a Draconian Shapeshifter on Oct 24, 2023.
             Slain by an orc
             ... wielding a +3 flail
              (8 damage)
             ... on level 3 of the Dungeon.
             The game lasted 00:03:46 (1721 turns).

aurelian the Ruffian (Draconian Shapeshifter)       Turns: 1721, Time: 00:03:47

Health: -5/36      AC:  5    Str: 16 (17) XL:     4   Next: 4%
Magic:  4/4        EV: 17    Int:  9 (10) God:
Gold:   142        SH:  0    Dex: 10 (12) Spells: 3/3 levels left

rFire   . .          .
                       - Unarmed
rCold   . . .        (no shield)
rNeg    . . .        (body armour unavailable)
rPois   .            (helmet currently unavailable)
rElec   .            (cloak currently unavailable)
rCorr   .            (gloves currently unavailable)
SInv    .            (boots currently unavailable)
Will    .....        (no amulet)
Stlth   +            g - +5 ring of evasion
HPRegen 0.26/turn    (no ring)
MPRegen 0.09/turn

%: no passive effects
@: confused, beast-form, invisible
A: beast (slay +1), AC +5, unfitting armour, cold-blooded
a: Begin Untransformation


You were on level 3 of the Dungeon.
You were a hulking beast.
You visited 1 branch of the dungeon, and saw 3 of its levels.

You collected 142 gold pieces.

Inventory:

Missiles
 f - 27 stones
Jewellery
 g - a +5 ring of evasion (left hand)
   (You found it on level 1 of the Dungeon)
Talismans
 b - a beast talisman (active)
 c - a flux talisman
Scrolls
 d - 2 scrolls of identify {unknown}
 h - a scroll of immolation {unknown}
 i - a scroll of poison {unknown}
 l - a scroll of silence {unknown}
 n - a scroll of brand weapon {unknown}
 o - a scroll of teleportation {unknown}
 p - a scroll of amnesia {unknown}
Potions
 e - 2 potions of heal wounds {unknown}
 j - a potion of haste {unknown}
 m - a potion of curing {unknown}


   Skills:
 + Level 2.1 Fighting
 + Level 2.3 Dodging
 * Level 3.8 Unarmed Combat
 + Level 3.4 Shapeshifting


You had 3 spell levels left.
You didn't know any spells.
Your spell library was empty.

Dungeon Overview and Level Annotations

Branches:
Dungeon (3/15)

Altars:


Innate Abilities, Weirdness & Mutations

You are a hulking beast.
Your limbs bulge with bestial killing power. (Slay +1)
Your plain brown scales are hard. (AC +5)
You cannot fit into any form of body armour.
You are cold-blooded and may be slowed by cold attacks.


Message History

You feel stronger.
The orc wizard gestures at you while chanting.
You are confused.
The orc wizard casts a spell at you. The puff of flame hits you.
You're too confused to move!
You feel less confused.
The orc wizard gestures wildly while chanting.
The orc wizard flickers and vanishes!
Deactivating autopickup; reactivate with Ctrl-A.
The orc closely misses you.
You closely miss the orc.
You tail-slap the orc, but do no damage.
You hit the orc.
Your tail-slap misses the orc.
You barely miss the orc. The orc closely misses you. The orc misses you.
You hit the orc.
Your tail-slap misses the orc.
The orc hits you but does no damage. The orc hits you with a +3 flail.
Something misses you.
You completely miss something.
Your tail-slap misses something.
The orc misses you. The orc barely misses you.
You hear some strange, mumbled words.
A puff of flame appears from out of thin air!
The puff of flame hits you.
Unknown command.
You closely miss something. You tail-slap something.
The orc hits you with a +0 club. The orc hits you with a +3 flail.
Something closely misses you.
You closely miss something. You tail-slap something. The orc barely misses you.
The orc misses you.
You hear some strange, mumbled words.
You are confused.
You hit the orc.
You kill the orc!
The orc hits you with a +3 flail!
* * * LOW HITPOINT WARNING * * *
Something closely misses you.
You bump into the rock wall.
The orc hits you with a +3 flail.
* * * LOW HITPOINT WARNING * * *
Something hits you but does no damage.
It was a potion of degeneration.
There was something very wrong with that liquid.
You feel weakened.
You feel dopey.
You feel clumsy. The orc hits you with a +3 flail!
* * * LOW HITPOINT WARNING * * *
Something hits you.
* * * LOW HITPOINT WARNING * * *
It was a potion of invisibility.
You fade into invisibility!
The orc hits you with a +3 flail!
You die...

..#....... ..#.....#. #.?.......
#......... #####.).......
#.....)....... #........#.##
#.....o..#{# #........#h####...
##.......o)>..........#....
####.##....................#....
#.............................##
########........................
###...............#......<.
#.................#........
#.................#........
#....#.....................


You could see an orc (unable to see you).

Vanquished Creatures
  A gnoll (D:1)
  3 orcs (D:3)
  3 ball pythons
  8 bats
  5 endoplasms
  2 giant cockroaches (D:1)
  4 goblins
  3 hobgoblins
  6 jackals (D:1)
  A kobold (D:2)
  5 quokkas
  3 frilled lizards (D:1)
  5 rats (D:1)
49 creatures vanquished.

Notes
Turn   | Place    | Note
-------+----------+-------------------------------------------
     0 | D:1      | aurelian the Draconian Shapeshifter began the quest for the
                  | Orb.
     0 | D:1      | Reached XP level 1. HP: 16/16 MP: 1/1
   141 | D:1      | Reached XP level 2. HP: 22/23 MP: 2/2
   202 | D:1      | You fall into a shaft and drop 1 floor!
   443 | D:1      | Reached XP level 3. HP: 28/29 MP: 3/3
  1701 | D:3      | Reached XP level 4. HP: 36/36 MP: 4/4
  1721 | D:3      | Slain by an orc

Illustrated notes

Levels and vault maps discovered:
D:1:      dpeg_arrival_round_c, layout_basic
D:2:      layout_basic, serial_glass, glass_columns_c, glass_columns_b,
          glass_columns_a, glass_columns_a, glass_columns_c, glass_columns_a,
          glass_columns_a, glass_columns_b, glass_columns_b, glass_columns_a,
          dreamdust_mushroom_princess
D:3:      layout_basic, minmay_increasing_density, uniq_natasha, uniq_sigmund

Skill      XL: |  1  2  3 |
---------------+----------+-----
Dodging        | 2 |  2.3
Fighting       | 2 |  2.1
Unarmed Combat | |  3.8
Shapeshifting  | |  3.4

Action                     |  1- 3 |  4- 6 || total
---------------------------+-------+-------++-------
  Melee: Unarmed           |   118 |     8 ||   126
         Tailslap          |    10 |     3 ||    13
         Punch             |     2 |       ||     2
    Use: Potion            |     1 |     2 ||     3
   Stab: Sleeping          |     1 |       ||     1
 Armour: Skin              |    43 |    12 ||    55
  Dodge: Dodged            |   114 |    10 ||   124
   Form: Beast             |     1 |       ||     1

Table legend: (Time is in decaauts)
 A = Elapsed time spent in this place.
 B = Non-inter-level travel time spent in this place.
 C = Inter-level travel time spent in this place.
 D = Time resting spent in this place.
 E = Time spent auto-exploring this place.
 F = Levels seen in this place.
 G = Mean time per level.
                   A        B        C        D        E       F      G
               +--------+--------+--------+--------+--------+-----+--------+
         Total |   1710 |   1683 |     27 |    183 |   1119 |   3 |  570.0 |
       Dungeon |   1710 |   1683 |     27 |    183 |   1119 |   3 |  570.0 |
               +--------+--------+--------+--------+--------+-----+--------+

Top non-repeatable levels by time:
     D:1: 957 daAuts
     D:2: 524 daAuts
     D:3: 229 daAuts
